[ AOE2 MATCH · #495849992 ]
UnrankedBengalis vs Koreans
Player's team · LOSS
Rival team · WIN
[ REPLAY ANALYSIS · EXTRACTED FROM THE RECORDED GAME ]
Feudal
9:21
Castle
24:31
Imperial
—
| APM avg | 55.3 |
| APM peak | 94 |
| eAPM avg | 24.1 |
| Villagers / military | 74 / 24 |
Focus
⚔️ 30.1% · 🌾 69.9%
Skirmisher ×14 · Ratha (Ranged) ×5 · Spearman ×4 · Archer ×1
Feudal
9:26
Castle
27:08
Imperial
—
| APM avg | 70.3 |
| APM peak | 123 |
| eAPM avg | 24.7 |
| Villagers / military | 82 / 54 |
Focus
⚔️ 51.9% · 🌾 48.1%
Archer ×43 · Scout Cavalry ×11
Match map
Initial resources + every placement click. Lines = walls · curves = elevation contours. ◆ gold · ⬟ stone · ● berries · ✦ relic · ◌ wall gap
Your base· Open — 6t gap
KRaL's base· Open — unwalled flank
Smoothed initial terrain · ◌ = detected wall gap · hover for details
Inputs per minute
— random_aoe_user - - KRaL
Build order — random_aoe_user
First 150 of 183 actions detected
| 0:00 | Queue | Villager (Male) |
| 0:00 | Queue | Villager (Male) |
| 0:01 | Queue | Villager (Male) |
| 0:01 | Queue | Villager (Male) |
| 0:02 | Build | House |
| 0:04 | Build | House |
| 1:23 | Queue | Villager (Male) |
| 1:23 | Queue | Villager (Male) |
| 1:23 | Queue | Villager (Male) |
| 1:23 | Queue | Villager (Male) |
| 1:55 | Queue | Villager (Male) |
| 1:55 | Queue | Villager (Male) |
| 1:55 | Queue | Villager (Male) |
| 1:55 | Queue | Villager (Male) |
| 1:55 | Queue | Villager (Male) |
| 1:55 | Queue | Villager (Male) |
| 2:16 | Build | Lumber Camp |
| 2:21 | Build | Lumber Camp |
| 2:24 | Queue | Villager (Male) |
| 2:24 | Queue | Villager (Male) |
| 2:24 | Queue | Villager (Male) |
| 2:24 | Queue | Villager (Male) |
| 2:42 | Build | House |
| 2:51 | Queue | Villager (Male) |
| 2:51 | Queue | Villager (Male) |
| 2:51 | Queue | Villager (Male) |
| 2:52 | Queue | Villager (Male) |
| 3:37 | Queue | Villager (Male) |
| 3:37 | Queue | Villager (Male) |
| 3:37 | Queue | Villager (Male) |
| 3:37 | Queue | Villager (Male) |
| 3:37 | Queue | Villager (Male) |
| 3:49 | Queue | Villager (Male) |
| 3:49 | Queue | Villager (Male) |
| 3:49 | Queue | Villager (Male) |
| 3:49 | Queue | Villager (Male) |
| 4:21 | Build | Mill |
| 4:25 | Queue | Villager (Male) |
| 4:25 | Queue | Villager (Male) |
| 4:25 | Queue | Villager (Male) |
| 4:25 | Queue | Villager (Male) |
| 4:25 | Queue | Villager (Male) |
| 4:48 | Queue | Villager (Male) |
| 4:48 | Queue | Villager (Male) |
| 4:48 | Queue | Villager (Male) |
| 4:48 | Queue | Villager (Male) |
| 4:48 | Queue | Villager (Male) |
| 5:15 | Build | House |
| 5:25 | Queue | Villager (Male) |
| 5:25 | Queue | Villager (Male) |
| 5:25 | Queue | Villager (Male) |
| 5:25 | Queue | Villager (Male) |
| 5:25 | Queue | Villager (Male) |
| 5:25 | Queue | Villager (Male) |
| 5:43 | Queue | Villager (Male) |
| 5:43 | Queue | Villager (Male) |
| 5:43 | Queue | Villager (Male) |
| 5:43 | Queue | Villager (Male) |
| 6:18 | Research | Loom |
| 7:11 | Research | Feudal Age |
| 7:11 | Research | Feudal Age |
| 7:37 | Build | Palisade Wall |
| 7:49 | Build | Barracks |
| 7:53 | Build | Palisade Wall |
| 8:06 | Queue | Villager (Male) |
| 8:06 | Queue | Villager (Male) |
| 8:12 | Build | House |
| 8:15 | Build | Palisade Wall |
| 8:40 | Build | House |
| 9:00 | Build | Palisade Wall |
| 9:21 | Age | Feudal Age |
| 9:24 | Build | Archery Range |
| 9:30 | Research | Double-Bit Axe |
| 9:35 | Queue | Spearman |
| 9:39 | Build | House |
| 9:41 | Build | Palisade Wall |
| 10:12 | Queue | Villager (Male) |
| 10:19 | Build | Blacksmith |
| 10:27 | Queue | Skirmisher |
| 10:32 | Build | Farm |
| 10:36 | Queue | Villager (Male) |
| 10:43 | Build | Farm |
| 10:51 | Build | Palisade Wall |
| 10:55 | Queue | Skirmisher |
| 10:58 | Queue | Villager (Male) |
| 10:58 | Queue | Villager (Male) |
| 11:07 | Build | Farm |
| 11:23 | Build | Palisade Wall |
| 11:32 | Queue | Villager (Male) |
| 11:47 | Build | Mining Camp |
| 11:51 | Build | Lumber Camp |
| 11:56 | Queue | Villager (Male) |
| 11:58 | Queue | Skirmisher |
| 12:06 | Research | Fletching |
| 12:07 | Research | Fletching |
| 12:14 | Queue | Villager (Male) |
| 12:16 | Build | Farm |
| 12:37 | Queue | Skirmisher |
| 12:44 | Queue | Villager (Male) |
| 12:46 | Build | Farm |
| 13:01 | Queue | Archer |
| 13:10 | Queue | Villager (Male) |
| 13:23 | Build | Watch Tower |
| 13:46 | Build | House |
| 13:56 | Build | House |
| 13:59 | Research | Padded Archer Armor |
| 13:59 | Research | Padded Archer Armor |
| 14:00 | Queue | Skirmisher |
| 14:07 | Build | Farm |
| 14:07 | Build | Farm |
| 14:08 | Queue | Villager (Male) |
| 14:12 | Build | Farm |
| 14:16 | Build | House |
| 14:21 | Queue | Skirmisher |
| 14:30 | Queue | Skirmisher |
| 14:38 | Queue | Villager (Male) |
| 14:45 | Build | Farm |
| 14:57 | Queue | Skirmisher |
| 15:02 | Build | Farm |
| 15:07 | Build | Mining Camp |
| 15:11 | Build | Farm |
| 15:12 | Queue | Villager (Male) |
| 15:22 | Build | House |
| 15:24 | Queue | Villager (Male) |
| 15:42 | Queue | Spearman |
| 15:56 | Build | Watch Tower |
| 16:04 | Queue | Villager (Male) |
| 16:08 | Build | Farm |
| 16:23 | Queue | Villager (Male) |
| 16:27 | Build | House |
| 16:49 | Build | Farm |
| 16:50 | Build | Farm |
| 16:51 | Build | Farm |
| 17:23 | Queue | Skirmisher |
| 17:23 | Queue | Skirmisher |
| 17:23 | Queue | Skirmisher |
| 17:26 | Build | House |
| 17:29 | Build | Watch Tower |
| 18:23 | Queue | Villager (Male) |
| 18:48 | Queue | Villager (Male) |
| 19:15 | Build | House |
| 19:24 | Build | House |
| 19:29 | Build | House |
| 19:37 | Queue | Skirmisher |
| 20:01 | Build | House |
| 20:24 | Queue | Skirmisher |
| 20:41 | Build | Farm |
| 21:09 | Queue | Spearman |
| 21:41 | Build | House |
| 21:51 | Research | Castle Age |
Build order — KRaL
First 150 of 187 actions detected
| 0:01 | Queue | Villager (Male) |
| 0:01 | Queue | Villager (Male) |
| 0:01 | Queue | Villager (Male) |
| 0:01 | Queue | Villager (Male) |
| 0:02 | Queue | Villager (Male) |
| 0:04 | Build | House |
| 0:05 | Build | House |
| 1:20 | Queue | Villager (Male) |
| 1:20 | Queue | Villager (Male) |
| 1:48 | Queue | Villager (Male) |
| 2:14 | Build | Lumber Camp |
| 2:20 | Queue | Villager (Male) |
| 2:41 | Queue | Villager (Male) |
| 2:41 | Queue | Villager (Male) |
| 3:10 | Queue | Villager (Male) |
| 3:10 | Queue | Villager (Male) |
| 3:26 | Build | House |
| 3:32 | Queue | Villager (Male) |
| 3:32 | Queue | Villager (Male) |
| 3:55 | Build | House |
| 4:00 | Queue | Villager (Male) |
| 4:00 | Queue | Villager (Male) |
| 4:10 | Build | Palisade Wall |
| 4:21 | Queue | Villager (Male) |
| 4:21 | Queue | Villager (Male) |
| 4:29 | Queue | Villager (Male) |
| 4:29 | Queue | Villager (Male) |
| 4:50 | Queue | Villager (Male) |
| 4:59 | Queue | Villager (Male) |
| 5:08 | Build | Mill |
| 5:29 | Build | Palisade Wall |
| 5:38 | Queue | Villager (Male) |
| 5:39 | Queue | Villager (Male) |
| 5:50 | Research | Loom |
| 6:00 | Build | Palisade Wall |
| 6:04 | Build | Palisade Wall |
| 7:16 | Research | Feudal Age |
| 7:27 | Build | Mining Camp |
| 8:03 | Queue | Villager (Male) |
| 8:03 | Queue | Villager (Male) |
| 8:21 | Queue | Villager (Male) |
| 8:40 | Build | Barracks |
| 8:47 | Queue | Villager (Male) |
| 8:47 | Queue | Villager (Male) |
| 9:15 | Build | Palisade Wall |
| 9:26 | Age | Feudal Age |
| 9:40 | Research | Double-Bit Axe |
| 9:49 | Build | Archery Range |
| 10:20 | Build | Archery Range |
| 10:46 | Queue | Villager (Male) |
| 10:46 | Queue | Villager (Male) |
| 10:52 | Build | Blacksmith |
| 10:56 | Queue | Archer ×3 |
| 10:57 | Queue | Archer ×3 |
| 11:14 | Build | House |
| 11:15 | Build | House |
| 11:16 | Queue | Villager (Male) |
| 11:16 | Queue | Villager (Male) |
| 11:25 | Queue | Archer |
| 11:25 | Queue | Archer ×2 |
| 11:26 | Queue | Archer |
| 11:34 | Build | House |
| 11:47 | Queue | Villager (Male) |
| 12:11 | Queue | Archer ×2 |
| 12:12 | Queue | Archer ×2 |
| 12:18 | Queue | Villager (Male) |
| 12:20 | Build | House |
| 12:26 | Research | Fletching |
| 12:26 | Queue | Villager (Male) |
| 12:30 | Build | Farm |
| 12:31 | Build | Farm |
| 12:45 | Queue | Villager (Male) |
| 12:51 | Build | Palisade Wall |
| 12:53 | Build | Palisade Wall |
| 12:55 | Build | Palisade Wall |
| 13:04 | Queue | Archer |
| 13:22 | Queue | Villager (Male) |
| 13:22 | Queue | Villager (Male) |
| 13:24 | Build | Farm |
| 13:56 | Queue | Archer ×2 |
| 13:56 | Queue | Archer ×3 |
| 13:57 | Queue | Archer |
| 13:58 | Queue | Villager (Male) |
| 13:58 | Queue | Villager (Male) |
| 14:10 | Queue | Villager (Male) |
| 14:23 | Build | Stable |
| 14:48 | Queue | Villager (Male) |
| 14:48 | Queue | Villager (Male) |
| 14:54 | Build | House |
| 14:58 | Build | Farm |
| 15:01 | Build | Farm |
| 15:14 | Queue | Archer ×3 |
| 15:14 | Queue | Archer ×3 |
| 15:18 | Queue | Villager (Male) |
| 15:18 | Queue | Villager (Male) |
| 15:39 | Queue | Archer ×2 |
| 15:40 | Queue | Archer ×2 |
| 15:45 | Build | Farm |
| 15:47 | Build | Farm |
| 15:56 | Queue | Villager (Male) |
| 16:06 | Queue | Archer |
| 16:07 | Queue | Archer |
| 16:12 | Build | Watch Tower |
| 16:14 | Queue | Villager (Male) |
| 16:14 | Queue | Villager (Male) |
| 16:25 | Queue | Villager (Male) |
| 16:26 | Build | Farm |
| 16:47 | Queue | Villager (Male) |
| 16:47 | Queue | Villager (Male) |
| 17:05 | Queue | Villager (Male) |
| 17:06 | Queue | Villager (Male) |
| 17:25 | Queue | Villager (Male) |
| 17:25 | Queue | Villager (Male) |
| 17:26 | Queue | Villager (Male) |
| 17:27 | Queue | Villager (Male) |
| 17:42 | Build | Farm |
| 17:42 | Build | Farm |
| 17:43 | Build | Farm |
| 18:11 | Build | Farm |
| 18:11 | Build | Farm |
| 18:12 | Queue | Villager (Male) |
| 18:12 | Queue | Villager (Male) |
| 18:13 | Build | Farm |
| 18:18 | Queue | Scout Cavalry ×2 |
| 18:18 | Queue | Scout Cavalry ×2 |
| 18:29 | Build | Farm |
| 18:38 | Queue | Villager (Male) |
| 18:38 | Queue | Villager (Male) |
| 18:40 | Build | Farm |
| 18:43 | Queue | Villager (Male) |
| 18:44 | Queue | Villager (Male) |
| 18:44 | Queue | Villager (Male) |
| 18:56 | Build | House |
| 18:57 | Queue | Villager (Male) |
| 18:57 | Queue | Villager (Male) |
| 18:59 | Build | House |
| 19:53 | Queue | Scout Cavalry ×3 |
| 19:56 | Queue | Villager (Male) |
| 19:56 | Queue | Villager (Male) |
| 19:56 | Queue | Villager (Male) |
| 19:59 | Build | Farm |
| 20:12 | Queue | Villager (Male) |
| 20:16 | Build | Farm |
| 20:18 | Build | Farm |
| 20:19 | Queue | Villager (Male) |
| 21:15 | Research | Scale Barding Armor |
| 21:17 | Build | Farm |
| 21:19 | Build | Farm |
| 21:19 | Queue | Villager (Male) |
| 21:20 | Queue | Villager (Male) |
Match timeline
| 4:10 | KRaL · wall_segment Palisade Wall x6 |
| 5:29 | KRaL · wall_segment Palisade Wall x1 |
| 6:00 | KRaL · wall_segment Palisade Wall x1 |
| 6:04 | KRaL · wall_segment Palisade Wall x5 |
| 7:37 | random_aoe_user · wall_segment Palisade Wall x1 |
| 7:49 | random_aoe_user · first_building Barracks |
| 7:53 | random_aoe_user · wall_segment Palisade Wall x1 |
| 8:15 | random_aoe_user · wall_segment Palisade Wall x4 |
| 8:40 | KRaL · first_building Barracks |
| 9:00 | random_aoe_user · wall_segment Palisade Wall x5 |
| 9:15 | KRaL · wall_segment Palisade Wall x1 |
| 9:21 | random_aoe_user · age_up feudal |
| 9:24 | random_aoe_user · first_building Archery Range |
| 9:26 | KRaL · age_up feudal |
| 9:41 | random_aoe_user · wall_segment Palisade Wall x4 |
| 9:49 | KRaL · first_building Archery Range |
| 10:51 | random_aoe_user · wall_segment Palisade Wall x1 |
| 11:23 | random_aoe_user · wall_segment Palisade Wall x4 |
| 12:51 | KRaL · wall_segment Palisade Wall x5 |
| 12:53 | KRaL · wall_segment Palisade Wall x5 |
| 12:55 | KRaL · wall_segment Palisade Wall x9 |
| 14:23 | KRaL · first_building Stable |
| 22:59 | random_aoe_user · wall_segment Palisade Wall x1 |
| 23:00 | random_aoe_user · wall_segment Palisade Wall x1 |
| 23:00 | random_aoe_user · wall_segment Palisade Wall x1 |
| 23:05 | random_aoe_user · wall_segment Palisade Wall x1 |
| 23:14 | random_aoe_user · wall_segment Palisade Wall x1 |
| 23:18 | random_aoe_user · wall_segment Palisade Wall x1 |
| 23:19 | random_aoe_user · wall_segment Palisade Wall x1 |
| 24:31 | random_aoe_user · age_up castle |
| 24:45 | random_aoe_user · first_building Castle |
| 26:32 | KRaL · first_market_buy 100 wood |
| 27:08 | KRaL · age_up castle |
| 27:13 | KRaL · first_building Siege Workshop |
| 28:30 | random_aoe_user · resign |
[ AI ANALYSIS · 1 CREDIT ]
What really happened in this match?
Wolo.gg analyzes every decision: build order, eco, micro, common mistakes by bracket. Personalized analysis on WhatsApp or Discord in 30 seconds.
Civ guide
Bengalis
Perfil
Jugador #2799159